 Dungeon Crawl Stone Soup version 0.29-a0-1065-g47a6bb87d6 (webtiles) character file.

Game seed: 797233471732839724

196 Newt the Shooter (level 5, -9/39 HPs)
             Began as a Demonspawn Gladiator on Aug 18, 2022.
             Was an Initiate of Hepliaklqana.
             Mangled by an ogre
             ... wielding a +0 giant club
              (33 damage)
             ... on level 4 of the Dungeon.
             The game lasted 00:04:27 (2934 turns).

Newt the Shooter (Demonspawn Gladiator)             Turns: 2934, Time: 00:04:28

Health: -9/39      AC:  4    Str: 16    XL:     5   Next: 45%
Magic:  5/5        EV: 12    Int: 10    God:    Hepliaklqana [......]
Gold:   112        SH:  0    Dex: 14    Spells: 4/4 levels left

rFire   . . .      SeeInvis .   b - +0 sling (vorpal)
rCold   . . .      Faith    .   (no shield)
rNeg    . . .      Spirit   .   g - +0 leather armour
rPois   .          Reflect  .   c - +0 helmet
rElec   .          Harm     .   (no cloak)
rCorr   .          Rampage  .   (no gloves)
Will    .....                   (no boots)
Stlth   ++........              j - amulet of the acrobat
HPRegen 0.13/turn               (no ring)
MPRegen 0.09/turn               (no ring)

@: no status effects
A: hooves 1, powered by death 1
a: Renounce Religion


You were on level 4 of the Dungeon.
You worshipped Hepliaklqana.
Hepliaklqana was noncommittal.
You visited 2 branches of the dungeon, and saw 5 of its levels.

You collected 112 gold pieces.

Inventory:

Hand Weapons
 a - a +0 rapier
 b - a +0 vorpal sling (weapon)
Missiles
 d - 3 throwing nets
 e - a javelin
 n - 2 poisoned darts
 o - 3 boomerangs
Armour
 c - a +0 helmet (worn)
 g - a +0 leather armour (worn)
Jewellery
 j - an amulet of the acrobat (around neck)
 p - a +6 ring of dexterity
Scrolls
 f - a scroll of poison
 i - a scroll of brand weapon {unknown}
 l - a scroll of fear {unknown}
 m - a scroll of vulnerability {unknown}
 q - a scroll of enchant armour {unknown}
Potions
 h - a potion of might


   Skills:
 + Level 2.6 Fighting
 - Level 2.6 Short Blades
 - Level 4.0 Ranged Weapons
 - Level 1.7 Throwing
 - Level 2.6 Dodging
 - Level 2.0 Stealth


You had 4 spell levels left.
You didn't know any spells.
Your spell library contained the following spells:

 Spells                   Type           Power      Damage    Failure   Level
 Gell's Gravitas          Tloc           0%         N/A       80%         3
 Teleport Other           Tloc           0%         N/A       80%         3
 Dispersal                Tloc           0%         N/A       100%        6


Dungeon Overview and Level Annotations

Branches:
Dungeon (4/15)             Temple (1/1) D:4

Altars:
Ashenzari
Cheibriados
Gozag
Hepliaklqana
Nemelex Xobeh
Okawaru
Qazlal
Trog
Xom
Yredelemnul


Innate Abilities, Weirdness & Mutations

You have large cloven feet.
You regenerate a little health from kills.


Message History

The orc is almost dead.
The orc hits you but does no damage.
You shoot a sling bullet. The sling bullet barely misses the orc.
The sling bullet hits the ogre.
The ogre is heavily wounded.
The orc barely misses you. The orc hits you but does no damage.
You shoot a sling bullet.
The sling bullet completely misses the orc.
The sling bullet hits the ogre.
The ogre is heavily wounded.
The orc hits you with a +0 whip.
You shoot a sling bullet.
The sling bullet completely misses the orc.
The sling bullet hits the ogre.
The ogre is severely wounded.
The orc hits you with a +0 whip.
You shoot a sling bullet.
The sling bullet hits the orc but does no damage.
The orc is almost dead.
The orc barely misses you.
Fire: b) +0 sling (vorpal)
Press: ? - help, Shift-Dir - straight line, f - ogre, p - orc
Aim: an ogre, wielding a +0 giant club (severely wounded, 74% to hit)
You shoot a sling bullet.
The sling bullet closely misses the orc.
The sling bullet hits the ogre but does no damage.
The ogre is severely wounded.
The orc curses noisily.
The orc hits you with a +0 whip. The orc misses you.
You shoot a sling bullet. The sling bullet hits the orc!
You kill the orc!
You shoot a sling bullet. The sling bullet hits the ogre.
The ogre is severely wounded.
The ogre closely misses you.
You shoot a sling bullet.
The sling bullet barely misses the ogre.
The sling bullet misses the hound.
The ogre hits you with a +0 giant club!!
Ouch! That really hurt!
You die...

##)## ..<(# #.# #
#....#. #.# #.
....... #.# ...
.##....... #.# ..#
...h).... #.# #.#
####.#....# #.# #.#
#@Oh......# #.#
###'####.###!...$.#
##<##
#.....##.#########.
....# ###.###.#....#
....###.'.#>'.'.####
........#.###)#.#
........#.....###
........###'###
..........#...


You could see an ogre and a hound.

Vanquished Creatures
  An orc priest (D:3)
  An iguana (D:4)
  2 orc wizards (D:3)
  An adder (D:2)
  2 worms
  A dart slug (D:1)
  8 orcs
  10 endoplasms
  2 giant cockroaches (D:1)
  8 goblins
  5 hobgoblins
  4 quokkas
  7 ball pythons
  4 bats
  6 frilled lizards
  2 kobolds
  7 rats
  A spectral orc (D:3)
72 creatures vanquished.

Notes
Turn   | Place    | Note
-------+----------+-------------------------------------------
     0 | D:1      | Newt the Demonspawn Gladiator began the quest for the Orb.
     0 | D:1      | Reached XP level 1. HP: 16/16 MP: 1/1
   268 | D:1      | Reached skill level 1 in Stealth
   571 | D:1      | Found a faded altar of an unknown god.
   585 | D:1      | Gained mutation: You have large cloven feet. [demonic
                  | ancestry]
   585 | D:1      | Reached XP level 2. HP: 22/22 MP: 2/2
   778 | D:1      | Reached skill level 1 in Ranged Weapons
   854 | D:1      | Reached XP level 3. HP: 27/27 MP: 3/3
  1362 | D:2      | Reached skill level 2 in Ranged Weapons
  1650 | D:2      | You fall into a shaft and drop 1 floor!
  1697 | D:3      | Reached XP level 4. HP: 21/33 MP: 4/4
  1974 | D:3      | Reached skill level 3 in Ranged Weapons
  2342 | D:3      | Gained mutation: You regenerate a little health from kills.
                  | [demonic ancestry]
  2342 | D:3      | Reached XP level 5. HP: 30/38 MP: 5/5
  2543 | D:3      | Reached skill level 4 in Ranged Weapons
  2701 | D:3      | Found a basalt altar of Yredelemnul.
  2805 | D:4      | Found a staircase to the Ecumenical Temple.
  2827 | Temple   | Entered the Ecumenical Temple
  2884 | Temple   | Became a worshipper of Hepliaklqana the Forgotten
  2917 | D:4      | Noticed an ogre
  2934 | D:4      | Mangled by an ogre

Illustrated notes

Levels and vault maps discovered:
D:1:      kennysheep_arrival_forest, layout_basic,
          shapermc_ecumenical_altar_mp_highgroup
D:2:      layout_basic, serial_shops, shop
D:3:      layout_loops_cross, tso_metal_star,
          yredelemnul_forgotten_temple_becter
D:4:      layout_loops_ring, nicolae_ru_awakened_eye,
          lemuel_zombie_altar_kikubaaqudgha, nicolae_overflow_crystal_walls,
          minmay_temple_entry_glassed_door, glass_columns_b
Temple:   zaba_magenta_temple

Skill      XL: |  1  2  3  4  5 |
---------------+----------------+-----
Stealth        | 1 2 |  2.0
Ranged Weapons | 1 2 3 4 |  4.0
Fighting       | |  2.6
Short Blades   | |  2.6
Throwing       | |  1.7
Dodging        | |  2.6

Action                   |  1- 3 |  4- 6 || total
-------------------------+-------+-------++-------
Melee: Rapier            |    31 |       ||    31
       Kick              |     2 |       ||     2
       Sling             |     1 |       ||     1
 Fire: Sling             |   109 |    98 ||   207
Throw: Throwing net      |     3 |       ||     3
  Use: Scroll            |     1 |     1 ||     2
       Potion            |     1 |       ||     1
 Stab: Sleeping          |     1 |       ||     1
Armor: Leather armour    |    28 |    13 ||    41
Dodge: Dodged            |    50 |    22 ||    72

Table legend: (Time is in decaauts)
 A = Elapsed time spent in this place.
 B = Non-inter-level travel time spent in this place.
 C = Inter-level travel time spent in this place.
 D = Time resting spent in this place.
 E = Time spent auto-exploring this place.
 F = Levels seen in this place.
 G = Mean time per level.
                   A        B        C        D        E       F      G
               +--------+--------+--------+--------+--------+-----+--------+
         Total |   2996 |   2932 |     64 |    714 |   1746 |   5 |  599.2 |
       Dungeon |   2921 |   2876 |     45 |    714 |   1696 |   4 |  730.2 |
        Temple |     74 |     55 |     19 |      0 |     50 |   1 |   74.0 |
               +--------+--------+--------+--------+--------+-----+--------+

Top non-repeatable levels by time:
     D:3: 1153 daAuts
     D:1: 1125 daAuts
     D:2: 557 daAuts
     D:4: 85 daAuts
  Temple: 74 daAuts
